 Dungeon Sprint DCSS version 0.27-a0-223-ge082b6e869 (webtiles) character file.

Game seed: 15299332253621038813

22 sahdkjhfkaj the Ruffian (level 2, 0/37 HPs)
             Began as a Naga Transmuter on Feb 1, 2021.
             Slain by a white imp (4 damage)
             ... in the Dungeon (Sprint IX: "|||||||||||||||||||||||||||||").
             The game lasted 00:00:17 (92 turns).

sahdkjhfkaj the Ruffian (Naga Transmuter)             Turns: 92, Time: 00:00:18

Health: 0/37       AC:  1    Str: 12    XL:     2   Next: 91%
Magic:  5/5        EV: 10    Int: 13    God:
Gold:   0          SH:  0    Dex: 11    Spells: 4/5 levels left

rFire    . . .     SeeInvis +     - Unarmed
rCold    . . .     Faith    .   (no shield)
rNeg     . . .     Spirit   .   a - +0 robe
rPois    +         Reflect  .   (no helmet)
rElec    .         Harm     .   (no cloak)
rCorr    .         Rampage  .   (no gloves)
Will     .....     NoTele   +   (no barding)
Stlth    ..........             (no amulet)
HPRegen  0.12/turn              (no ring)
MPRegen  0.09/turn              (no ring)

@: berserking, quick
A: large, see invisible, deformed body, poison resistance, slowness 2, spit
poison 1, AC +0
a: Spit Poison


You were in the Dungeon.
You visited 1 branch

Inventory:

Armour
 a - a +0 robe (worn)
Scrolls
 h - a scroll of blinking
Potions
 c - a potion of curing {@q1}
 d - a potion of heal wounds {@q2}
 e - a potion of haste {@q3}
 f - 2 potions of magic


   Skills:
 - Level 1.0 Fighting
 - Level 1.5 Dodging
 + Level 4.9 Unarmed Combat
 - Level 2.0 Spellcasting
 + Level 4.3 Transmutations


You had 4 spell levels left.
You knew the following spells:

 Your Spells              Type           Power        Failure   Level
a - Beastly Appendage     Tmut           24%          4%          1

Your spell library contained the following spells:

 Spells                   Type           Power        Failure   Level
 Wereblood                Tmut           12%          7%          2
 Spider Form              Tmut/Pois      3%           32%         3
 Ice Form                 Ice/Tmut       6%           71%         4
 Blade Hands              Tmut           6%           77%         5


Dungeon Overview and Level Annotations

Branches:
Dungeon (1/1)

Altars:


Innate Abilities, Weirdness & Mutations

You cannot wear boots.
Your serpentine skin is tough. (AC +0)
You have supernaturally acute eyesight. (SInv)
Armour fits poorly on your strangely shaped body.
Your system is resistant to poisons. (rPois)
You cover ground very slowly.
You can spit poison.


Message History

You kill the bat!
You hit the goblin.
You kill the goblin!
You hit the giant cockroach.
You kill the giant cockroach!
The kobold closely misses you. The kobold hits you.
There is an open door to the Dungeon here.
You see here a bat corpse.
You closely miss the kobold. You hit the kobold.
You kill the kobold!
The bat barely misses you.
The bat hits you but does no damage. x2; The bat closely misses you.
You hit the bat but do no damage. The bat hits you. The bat barely misses you.
The bat closely misses you. The bat hits you but does no damage.
The bat closely misses you. x2
You hit the bat.
You kill the bat!
Your Transmutations skill increases to level 3!
You start resting.
You open the door. 2 adders, a hound, a white imp and a shadow imp come into view.
The shadow imp shouts, "Scamper hence, thou peeagling weeb-spouting measle!"
The adder hisses angrily. x2; The hound barks!
Unknown command.
A red film seems to cover your vision as you go berserk!
You feel yourself moving faster!
You feel mighty! The adder bites you. x2
You barely miss the adder. The adder barely misses you.
You closely miss the adder. The adder bites you.
You closely miss the adder. You punch the adder! The adder bites you.
* * * LOW HITPOINT WARNING * * *
You barely miss the adder. The adder bites you.
* * * LOW HITPOINT WARNING * * *
You punch the adder!
You kill the adder!
Your Unarmed Combat skill increases to level 4!
You have reached level 2!
You closely miss the shadow imp. The shadow imp gestures at you.
Pain shoots through your body!
* * * LOW HITPOINT WARNING * * *
You punch the shadow imp!
You kill the shadow imp!
Your Transmutations skill increases to level 4!
The white imp hits you.
* * * LOW HITPOINT WARNING * * *
The white imp freezes you.
You die... ▓▓▓▓▓▓▓▓▓▓▓▓▓▓▓▓▓▓ ▓<...†.....@5hS..+ ▓▓▓▓▓▓▓▓▓▓▓▓▓▓▓▓▓▓

You could see a hound, an adder and a white imp.

Vanquished Creatures
  An adder (D)
  A shadow imp (D)
  A giant cockroach (D)
  2 bats (D)
  A goblin (D)
  A kobold (D)
7 creatures vanquished.

Notes
Turn   | Place    | Note
-------+----------+-------------------------------------------
     0 | D        | sahdkjhfkaj the Naga Transmuter began the quest for the
                  | Orb.
     0 | D        | Reached XP level 1. HP: 18/18 MP: 3/3
    82 | D        | Noticed a hound
    90 | D        | Reached XP level 2. HP: 13/25 MP: 5/5
    92 | D        | Slain by a white imp

Illustrated notes

Levels and vault maps discovered:
D:        linesprint [early_d, line_temple, items_1, d_10, items_2, lair_1,
          lair_end, items_3, orc_1, orc_end, items_4, d_15, swamp_1, shoals_1,
          snake_1, spider_1, d_20, vaults_1, items_5, swamp_end, shoals_end,
          snake_end, spider_end, vaults_end, d_27, items_6, zot_1, zot_end,
          crypt_end, forest_end, elf_end, slime_end, tomb_end, abyss_end,
          pan_hell_end]

Skill      XL: |  1  2 |
---------------+-------+-----
Transmutations | 3 4 |  4.3
Unarmed Combat | 4 |  4.9
Fighting       | |  1.0
Dodging        | |  1.5
Spellcasting   | |  2.0

Action                   || total
-------------------------++-------
Melee: Unarmed           ||    16
  Use: Potion            ||     1
Armor: Robe              ||     4
Dodge: Dodged            ||     8

Table legend: (Time is in decaauts)
 A = Elapsed time spent in this place.
 B = Non-inter-level travel time spent in this place.
 C = Inter-level travel time spent in this place.
 D = Time resting spent in this place.
 E = Time spent auto-exploring this place.
 F = Levels seen in this place.
 G = Mean time per level.
                   A        B        C        D        E       F      G
               +--------+--------+--------+--------+--------+-----+--------+
         Total |     91 |     91 |      0 |     64 |      0 |   1 |   91.0 |
       Dungeon |     91 |     91 |      0 |     64 |      0 |   1 |   91.0 |
               +--------+--------+--------+--------+--------+-----+--------+

Top non-repeatable levels by time:
       D: 91 daAuts
